 Dungeon Crawl Stone Soup version 0.26-a0-154-g3d63440f56 (webtiles) character file.

Game seed: 14891822957556774198

5 Flugslaktarn the Chiller (level 1, 0/9 HPs)
             Began as a Vine Stalker Ice Elementalist on July 1, 2020.
             Slain by a leopard gecko (3 damage)
             ... on level 1 of the Dungeon.
             The game lasted 00:00:22 (62 turns).

Flugslaktarn the Chiller (VSIE)                       Turns: 62, Time: 00:00:23

Health: 0/9        AC:  2    Str: 10    XL:     1   Next: 80%
Magic:  0/4        EV: 12    Int: 15    God:
Gold:   21         SH:  0    Dex: 14    Spells: 3/4 levels left

rFire    . . .     SeeInvis .   b - +0 dagger (venom)
rCold    . . .     Faith    .   (no shield)
rNeg     . . .     Spirit   +   a - +0 robe
rPois    .         Reflect  .   (no helmet)
rElec    .         Harm     .   (no cloak)
rCorr    .                      (no gloves)
MR       .....                  (no boots)
Stlth    ++........             (no amulet)
HPRegen  0.03/turn              (no ring)
MPRegen  0.09/turn              (no ring)

@: no status effects
A: fangs 2, magic shield, antimagic bite, no potion heal 3, rot immunity
a: no special abilities


You were on level 1 of the Dungeon.
You were not hungry.

You visited 1 branch of the dungeon, and saw 1 of its levels.

You collected 21 gold pieces.

Inventory:

Hand Weapons
 b - a +0 dagger of venom (weapon)
   (You took it off a goblin on level 1 of the Dungeon)
Armour
 a - a +0 robe (worn)
Scrolls
 d - a scroll of noise {unknown}
Comestibles
 c - a ration


   Skills:
 - Level 1.5 Dodging
 - Level 2.4 Stealth
 + Level 2.4 Spellcasting
 + Level 4.1 Ice Magic


You had 3 spell levels left.
You knew the following spells:

 Your Spells              Type           Power        Failure   Level  Hunger
a - Freeze                Ice            ##..         3%          1    #......

Your spell library contained the following spells:

 Spells                   Type           Power        Failure   Level  Hunger
 Frozen Ramparts          Ice            ##....       12%         3    ###....
 Ozocubu's Armour         Chrm/Ice       #.......     26%         3    ###....
 Hailstorm                Conj/Ice       #.......     65%         4    #####..
 Summon Ice Beast         Ice/Summ       #.......     65%         4    #####..


Dungeon Overview and Level Annotations

Branches:
Dungeon (1/15)

Altars:


Innate Abilities, Weirdness & Mutations

You have extremely sharp teeth.
When hurt, damage is shared between your health and your magic reserves.
Your bite disrupts and absorbs the magic of your enemies.
Potions cannot restore your health.
You are immune to rotting.


Message History

The rat is heavily wounded.
The rat bites you.
You barely miss the rat. Your bite misses the rat.
The rat is heavily wounded.
The rat bites you but does no damage.
You hit the rat but do no damage.
The rat is poisoned.
Your bite misses the rat.
The rat is heavily wounded.
The rat closely misses you.
You hit the rat.
You kill the rat!
You see here a cursed -1 club.
Found 9 gold pieces.
You now have 12 gold pieces.
Found a scroll labeled JUTEXT EFEXZUF.
You now have 21 gold pieces (gained 9).
A hobgoblin comes into view.
d - a scroll labeled JUTEXT EFEXZUF A leopard gecko comes into view.
A rat comes into view.
The hobgoblin shouts!
The leopard gecko hisses angrily.
A leopard gecko comes into view.
The hobgoblin hits you but does no damage.
You barely miss the hobgoblin. The hobgoblin barely misses you.
The leopard gecko hisses menacingly.
You hit the hobgoblin.
The hobgoblin is poisoned.
You bite the hobgoblin. You drain its power.
The hobgoblin is severely wounded.
The hobgoblin closely misses you.
You hit the hobgoblin.
You kill the hobgoblin!
The leopard gecko barely misses you.
Casting: Freeze (safe; 4% risk of failure)
Confirm with . or Enter, or press ? or * to list all spells.
Aiming: Freeze (safe; 4% risk of failure)
Press: ? - help, Shift-Dir - straight line, f - rat
Aim: a rat You freeze the rat.
You kill the rat!
The leopard gecko misses you. The leopard gecko bites you.
Casting: Freeze (safe; 3% risk of failure)
Confirm with . or Enter, or press ? or * to list all spells.
Aiming: Freeze (safe; 3% risk of failure)
Press: ? - help, Shift-Dir - straight line, f - leopard gecko
Aim: a leopard gecko You freeze the leopard gecko.
The leopard gecko is severely wounded.
The leopard gecko bites you.
* * * LOW HITPOINT WARNING * * *
The leopard gecko bites you.
You die...

#. .# ##.. .# ≈≈≈≈# #.#
##≈≈≈≈≈.≈≈≈≈≈≈## ..#
#≈≈≈≈≈≈.≈≈≈≈≈≈≈##..# #
≈≈≈8≈≈.≈≈≈≈≈8≈≈≈#..# .#
≈≈≈≈≈.≈≈≈≈≈≈≈≈≈≈#†.#..#
≈≈≈≈≈.≈≈≈≈≈≈≈≈≈≈@l....#
≈≈≈≈≈.≈≈≈≈≈≈≈≈≈≈.l###.#.
≈≈≈≈≈≈..>≈≈≈≈≈≈≈.....l..
≈≈≈≈≈≈≈<..≈≈≈≈≈≈.####.##
≈≈≈≈≈≈≈≈≈≈.≈≈≈≈≈.#
≈≈≈≈≈≈≈≈≈≈.≈≈≈≈≈.####
≈≈≈≈≈≈≈≈≈≈.≈≈≈≈≈....#
≈≈≈8≈≈≈≈≈.≈≈8≈≈≈.##.#
.≈≈≈≈≈≈≈.≈≈≈≈≈≈..##.#


You could see 2 leopard geckos.

Vanquished Creatures
  A goblin (D:1)
  2 hobgoblins (D:1)
  2 rats (D:1)
5 creatures vanquished.

Notes
Turn   | Place    | Note
-------+----------+-------------------------------------------
     0 | D:1      | Flugslaktarn the Vine Stalker Ice Elementalist began the
                  | quest for the Orb.
     0 | D:1      | Reached XP level 1. HP: 9/9 MP: 4/4
    62 | D:1      | Slain by a leopard gecko

Illustrated notes

Levels and vault maps discovered:
D:1:      nzn_arrival_water_spiral, layout_basic, serial_park_tiny_1

Action                   || total
-------------------------++-------
Melee: Dagger            ||    11
       Bite              ||     2
 Cast: Freeze            ||     4
Armor: Robe              ||     3
Dodge: Dodged            ||     8

Table legend:
 A = Non-vault XP
 B = Vault XP
 C = Vault XP percentage of total XP
 D = Non-vault monster count
 E = Vault monster count
 F = Vault count percentage of total count
                 A         B        C        D         E       F
            +---------+---------+-------+---------+---------+-------
      Total |       8 |       0 |   0.0 |       5 |       0 |   0.0
            +---------+---------+-------+---------+---------+-------
        D:1 |       8 |       0 |   0.0 |       5 |       0 |   0.0
            +---------+---------+-------+---------+---------+-------
